[Event "*** SCC Grand Prix: Titled Tuesday Blitz"]
[Site "Chess.com"]
[Date "2020.10.13"]
[Round "3"]
[White "K_A_S_T_O_R"]
[Black "Indianlad"]
[Result "1-0"]
[WhiteElo "2708"]
[BlackElo "2905"]
[TimeControl "180+1"]
[EndTime "10:27:10 PDT"]
[Termination "K_A_S_T_O_R won by resignation"]

1. e4 c6 2. c4 d5 3. cxd5 cxd5 4.
exd5 Nf6 5. Nc3 g6 6. Bc4 Bg7 7. Nf3 O-O 8. O-O Nbd7 9. d3 Nb6 10. Qb3 Bg4 11. Ne5 Qc7 12. Re1 Bf5 13. h3 Rac8 14.
Bf4 Nxc4 15. dxc4 Qc5 16. Be3 Qc7 17. Bd4 Nd7 18. Nb5 Qd8 19. Nxa7 Bxe5 20. Bxe5 Nxe5 21.
Nxc8 f6 22. Nb6 Nd3 23. Re3 Nc5 24. Qb5 Qd6 25. Rae1 Nd3 26. Rxd3 Bxd3 27. b3 Qf4 28.
Qb4 Qd4 29. Rxe7 Qa1+ 30. Qe1 Qxa2 31. Nd7 1-0

[Event "*** SCC Grand Prix: Titled Tuesday Blitz"]
[Site "Chess.com"]
[Date "2020.10.13"]
[Round "3"]
[White "frederiksvane"]
[Black "Infernal_XaM"]
[Result "1-0"]
[WhiteElo "2682"]
[BlackElo "2868"]
[TimeControl "180+1"]
[EndTime "10:27:11 PDT"]
[Termination "frederiksvane won by resignation"]

1. e4 c5 2. Nf3 b6 3. d4 cxd4 4. Nxd4 Bb7 5. Nc3 a6 6. Bd3 e6 7. O-O Qc7 8. Kh1 Bc5 9. Nb3 Be7 10. Qg4 g6 11. Qe2 d6 12. Bd2 Nd7 13. f4 Ngf6 14. Rae1 h5 15. e5 dxe5 16. fxe5 Ng4 17. Bf4 b5 18. Ne4 Ngxe5 19. Ng5 Bd6 20. Nxf7 Nxf7 21.
Qxe6+ Kd8 22. Qxf7 Bxf4 23. Rxf4 Qd6 24. Rd4 Rf8 25.
Qg7 Qc6 26. Qxf8+ Kc7 27. Qf4+ 1-0

[Event "*** SCC Grand Prix: Titled Tuesday Blitz"]
[Site "Chess.com"]
[Date "2020.10.13"]
[Round "3"]
[White "Margency"]
[Black "Inga83"]
[Result "1-0"]
[WhiteElo "2600"]
[BlackElo "2405"]
[TimeControl "180+1"]
[EndTime "10:27:12 PDT"]
[Termination "Margency won by resignation"]

1. e4 c6 2. d4 d5 3. exd5 cxd5 4. c4 Nf6 5. Nc3 Nc6 6. Bg5 dxc4 7. Bxc4 e6 8. Nf3 Be7 9. O-O O-O 10. Re1 Nb4 11.
Qd2 h6 12. Bf4 Nbd5 13. Be5 Nxc3 14. bxc3 b6 15. Qf4 Bb7 16. Bb3 Rc8 17. c4 a6 18.
Rad1 b5 19. d5 exd5 20. cxd5 Re8 21. d6 Bf8 22. d7 Rxe5 23. Nxe5 Rc4 24. Nxc4 bxc4 25.
Qxc4 1-0

[Event "*** SCC Grand Prix: Titled Tuesday Blitz"]
[Site "Chess.com"]
[Date "2020.10.13"]
[Round "3"]
[White "thedjoker98"]
[Black "Das_Virus_2020"]
[Result "1-0"]
[WhiteElo "2594"]
[BlackElo "2397"]
[TimeControl "180+1"]
[EndTime "10:27:12 PDT"]
[Termination "thedjoker98 won by resignation"]

1. d4 Nf6 2. c4 c5 3. d5 b5 4. cxb5 a6 5. bxa6 g6 6. Nc3 Bxa6 7. e4 Bxf1 8. Kxf1 d6 9. Nf3 Nbd7 10. g3 Bg7 11. Kg2 O-O 12. a4 Ng4 13. Qe2 c4 14. Nd2 Nge5 15. Nxc4 Nxc4 16. Qxc4 Ne5 17. Qe2 Qa5 18.
Bd2 Qb4 19. Rhb1 Nc4 20. Be1 Rfb8 21. b3 Na3 22. Nb5 Qc5 23. Rxa3 Rxb5 24. b4 Qb6 25.
Qxb5 Qxb5 26. axb5 Rxa3 27. b6 Bd4 28. b7 Ba7 29. Rc1 Kg7 30. Rc8 Ra1 31. Bd2 Ra2 32. Be3 Bxe3 33. b8=Q Rxf2+ 34. Kh3 1-0

[Event "*** SCC Grand Prix: Titled Tuesday Blitz"]
[Site "Chess.com"]
[Date "2020.10.13"]
[Round "3"]
[White "maxip32"]
[Black "keepitcool9499"]
[Result "0-1"]
[WhiteElo "2417"]
[BlackElo "2626"]
[TimeControl "180+1"]
[EndTime "10:27:13 PDT"]
[Termination "keepitcool9499 won on time"]

1. e4 e6 2. d3 d5 3. Nd2 Nf6 4. Ngf3 Be7 5. g3 O-O 6. Bg2 c5 7. O-O Nc6 8. Re1 b5 9. e5 Nd7 10. Nf1 a5 11. h4 b4 12. Bf4 a4 13. a3 Bb7 14. h5 h6 15. N1h2 bxa3 16. bxa3 Qc7 17.
Qd2 Rfb8 18. Ng4 Bf8 19. Bxh6 gxh6 20. Nxh6+ Bxh6 21. Qxh6 Nf8 22. c4 Qe7 23. cxd5 exd5 24. Ng5 Nd4 25. e6 fxe6 26. Bh3 Ra6 27. Rab1 e5 0-1

[Event "*** SCC Grand Prix: Titled Tuesday Blitz"]
[Site "Chess.com"]
[Date "2020.10.13"]
[Round "3"]
[White "Lion-Al-Messi"]
[Black "ShcufNaiRolf"]
[Result "1-0"]
[WhiteElo "2542"]
[BlackElo "2311"]
[TimeControl "180+1"]
[EndTime "10:27:13 PDT"]
[Termination "Lion-Al-Messi won by checkmate"]

1. e4 e5 2. Nf3 Nc6 3. Bb5 a6 4.
Ba4 Nf6 5. O-O Be7 6. Qe2 b5 7. Bb3 O-O 8. c3 d6 9. Rd1 Na5 10. Bc2 c5 11. d4 cxd4 12. cxd4 Qc7 13. Nc3 Re8 14. dxe5 dxe5 15. Nd5 Nxd5 16. exd5 Bd6 17. Ng5 g6 18. Ne4 Bb7 19. Nf6+ Kg7 20. Nxe8+ Rxe8 21.
Be3 Nc4 22. Be4 f5 23. Bb1 e4 24. Bd4+ Kg8 25. b3 Bxh2+ 26. Kh1 Ne5 27. Qc2 Qb8 28.
Qb2 Ng4 29. Bh8 Ne5 30. d6 Qd8 31. d7 Re6 32. Kxh2 Ng4+ 33. Kg1 e3 34. Qg7# 1-0

[Event "*** SCC Grand Prix: Titled Tuesday Blitz"]
[Site "Chess.com"]
[Date "2020.10.13"]
[Round "3"]
[White "ZverevLev"]
[Black "ElMosho7u7r"]
[Result "1-0"]
[WhiteElo "2322"]
[BlackElo "2145"]
[TimeControl "180+1"]
[EndTime "10:27:13 PDT"]
[Termination "ZverevLev won by resignation"]

1. e4 c6 2. d4 d5 3. Nc3 dxe4 4. Nxe4 Nd7 5. Qe2 e6 6. Nf3 Ngf6 7. c3 Nxe4 8. Qxe4 Nf6 9. Qc2 Be7 10. Bd3 b6 11. Bg5 Bb7 12. O-O-O h6 13. Bxf6 Bxf6 14. Ne5 Qc7 15. f4 O-O-O 16. Rhe1 h5 17. Qa4 Kb8 18. Ba6 Rd5 19. Bxb7 Kxb7 20. Qc2 Rhd8 21. Qe4 g5 22. fxg5 Bxg5+ 23. Kb1 Bf6 24. Nf3 Kb8 25. c4 Rf5 26. g3 Rg8 27. d5 cxd5 28. cxd5 Rg4 29. Qe2 exd5 30. Qe8+ Kb7 31. Rc1 Rc4 32.
Rxc4 1-0

[Event "*** SCC Grand Prix: Titled Tuesday Blitz"]
[Site "Chess.com"]
[Date "2020.10.13"]
[Round "3"]
[White "vugarrasulov"]
[Black "GregShahade"]
[Result "1-0"]
[WhiteElo "2831"]
[BlackElo "2627"]
[TimeControl "180+1"]
[EndTime "10:27:18 PDT"]
[Termination "vugarrasulov won by resignation"]

1. e4 e5 2. Nf3 Nc6 3. Bb5 a6 4. Ba4 Nf6 5. O-O Be7 6. d3 b5 7.
Bb3 d6 8. a4 Bd7 9. Bd2 O-O 10.
Nc3 Na5 11. Ba2 b4 12. Nd5 Nxd5 13. Bxd5 c6 14. Ba2 c5 15. Bd5 Bc6 16. c3 Rb8 17.
cxb4 cxb4 18. Bxc6 Nxc6 19. Rc1 Qb6 20. Qb3 Bf6 21. Rc2 Na5 22. Qd5 Nb7 23. Rc6 Qa7 24. Bxb4 Nc5 25. Ba3 Nxa4 26. Bxd6 Rbd8 27. Qa5 Nxb2 28.
Bxf8 Rxf8 29. Rxa6 Qd7 30. Ra8 Nxd3 31. Rxf8+ Kxf8 32. Rd1 1-0

[Event "*** SCC Grand Prix: Titled Tuesday Blitz"]
[Site "Chess.com"]
[Date "2020.10.13"]
[Round "3"]
[White "IANOV0007"]
[Black "barbara25"]
[Result "1-0"]
[WhiteElo "2445"]
[BlackElo "2260"]
[TimeControl "180+1"]
[EndTime "10:27:18 PDT"]
[Termination "IANOV0007 won by resignation"]

1. Nf3 Nf6 2. g3 e6 3. Bg2 d5 4. O-O Be7 5. b3 b6 6. Bb2 Bb7 7. c4 Nbd7 8. d4 O-O 9. Nc3 c6 10. Qc2 Rc8 11. Rfd1 a6 12. e4 dxe4 13. Nxe4 Nxe4 14.
Qxe4 Nf6 15. Qc2 Qe8 16. Ne5 Ba8 17. c5 b5 18. b4 Nd5 19. a3 f6 20. Nf3 Qf7 21.
Re1 Rfe8 22. Bh3 Bf8 23. Re2 Rcd8 24. Rae1 Nc7 25. Qb3 Rd5 26. Re3 h6 27. a4 g5 28.
Bg2 Rdd8 29. h4 Bg7 30. hxg5 hxg5 31. Qa3 g4 32. Nd2 f5 33. Nb3 Bh6 34. R3e2 Nd5 35. Na5 f4 36. Re4 Nf6 37. Re5 f3 38. Bf1 Bg7 39.
Rg5 Rd5 40. Ree5 Rxe5 41. dxe5 Nh7 42. Rxg4 Qh5 43. Rh4 Qg5 44. Qxf3 Rd8 45. Qe4 Nf8 46. Rg4 Qe7 47. Nxc6 Bxc6 48. Qxc6 Rd1 49. axb5 axb5 50. Qxb5 Qf7 51. Qe2 Rb1 52. Bc3 Ng6 53. Qe4 Ne7 54. Qxb1 1-0

[Event "*** SCC Grand Prix: Titled Tuesday Blitz"]
[Site "Chess.com"]
[Date "2020.10.13"]
[Round "3"]
[White "Stouuf"]
[Black "margarita_2703"]
[Result "1-0"]
[WhiteElo "2593"]
[BlackElo "2397"]
[TimeControl "180+1"]
[EndTime "10:27:19 PDT"]
[Termination "Stouuf won by resignation"]

1. e4 Nf6 2. e5 Nd5 3. Nf3 d6 4. d4 g6 5. c4 Nb6 6. e6 Bxe6 7. d5 Bc8 8. Qd4 f6 9. h4 h5 10. Bd3 Rg8 11. Nc3 N8d7 12. O-O Ne5 13. Nxe5 fxe5 14. Qe3 e6 15. Qg3 Qf6 16. Bg5 Qf7 17. f4 e4 18. Nxe4 Bg7 19. Rae1 Bd4+ 20. Kh1 Bd7 21. dxe6 Bxe6 22. f5 gxf5 23. Nxd6+ cxd6 24. Qxd6 Rg6 25. Bxf5 Nxc4 26. Bxe6 Nxd6 27. Bxf7+ 1-0

[Event "*** SCC Grand Prix: Titled Tuesday Blitz"]
[Site "Chess.com"]
[Date "2020.10.13"]
[Round "3"]
[White "bocah_sakit"]
[Black "r31415"]
[Result "1-0"]
[WhiteElo "2874"]
[BlackElo "2466"]
[TimeControl "180+1"]
[EndTime "10:27:21 PDT"]
[Termination "bocah_sakit won by resignation"]

1. e4 e5 2. Nf3 Nc6 3. Bb5 Nf6 4. O-O Nxe4 5. d4 Nd6 6. Bxc6 dxc6 7. dxe5 Nf5 8.
Qxd8+ Kxd8 9. Nc3 Ke8 10. h3 Be6 11. Rd1 h5 12. b3 a5 13. Bb2 Bb4 14. Ne2 a4 15. a3 Be7 16. b4 c5 17. bxc5 Bxc5 18. Nf4 Rd8 19. Ng5 Ke7 20. Ngxe6 fxe6 21. Ng6+ Kf7 22.
Nxh8+ Rxh8 23. Rd7+ Kg6 24. Rxc7 b6 25. Rd1 Ne7 26.
Rdd7 Nd5 27. Rxg7+ Kf5 28. Rcf7+ Ke4 29. Kf1 Rd8 30. Ke2 Nf4+ 31. Ke1 Bf8 32. f3+ Kd5 33. Rxf4 1-0

[Event "*** SCC Grand Prix: Titled Tuesday Blitz"]
[Site "Chess.com"]
[Date "2020.10.13"]
[Round "3"]
[White "Sergienko_Sergey"]
[Black "AliKa2810"]
[Result "0-1"]
[WhiteElo "2397"]
[BlackElo "2593"]
[TimeControl "180+1"]
[EndTime "10:27:22 PDT"]
[Termination "AliKa2810 won by resignation"]

1. e4 e6 2. d4 d5 3. Nc3 Nf6 4. Bg5 dxe4 5. Nxe4 Be7 6. Bxf6 gxf6 7. Nf3 f5 8. Nc3 a6 9. Bd3 b5 10. Qe2 Bb7 11.
O-O-O Nd7 12. Ne5 Nf6 13. f3 c5 14. dxc5 Qc7 15. Rhe1 Qxc5 16. Nxf7 Kxf7 17. Qxe6+ Kf8 18. Bxf5 Bc8 19. Qe2 Bxf5 20. Nd5 Nxd5 21. Rxd5 Bg5+ 0-1

[Event "*** SCC Grand Prix: Titled Tuesday Blitz"]
[Site "Chess.com"]
[Date "2020.10.13"]
[Round "3"]
[White "Akmal_Fayzullaev"]
[Black "GelmanAlexander"]
[Result "1-0"]
[WhiteElo "2403"]
[BlackElo "2567"]
[TimeControl "180+1"]
[EndTime "10:27:23 PDT"]
[Termination "Akmal_Fayzullaev won on time"]

1. d4 Nf6 2. c4 c5 3. d5 b5 4. Nd2 b4 5. e4 d6 6. Bd3 g6 7.
h3 Bg7 8. Ngf3 O-O 9. O-O e5 10.
dxe6 fxe6 11. Rb1 e5 12. Re1 Nc6 13. Nf1 Nh5 14. Ne3 Nf4 15. Nd5 g5 16. Nh2 Nd4 17. Ng4 h5 18. Nge3 Nxh3+ 19. gxh3 Nf3+ 20. Kg2 g4 21. Nf5 Bxf5 22. exf5 Qh4 23. Rh1 Ng5 24.
Bxg5 Qxg5 25. hxg4 hxg4 26. Qc1 1-0

[Event "*** SCC Grand Prix: Titled Tuesday Blitz"]
[Site "Chess.com"]
[Date "2020.10.13"]
[Round "3"]
[White "CzechmVIII"]
[Black "bazar-wokzal"]
[Result "0-1"]
[WhiteElo "2167"]
[BlackElo "2500"]
[TimeControl "180+1"]
[EndTime "10:27:23 PDT"]
[Termination "bazar-wokzal won by resignation"]

1. e4 Nc6 2. Nf3 d5 3. exd5 Qxd5 4. Nc3 Qa5 5. Bb5 Bd7 6. d4 a6 7. Bc4 O-O-O 8. Bxf7 Nf6 9. Bb3 Bg4 10. h3 Qh5 11. Be3 e5 12. d5 e4 13. Nxe4 Nxe4 14. Qd3 Bxf3 15. gxf3 Qxf3 16. Rg1 Nb4 17. Qd4 Bc5 18. Qxg7 Bxe3 19. Qg4+ Qxg4 20. Rxg4 Bxf2+ 21. Ke2 Rhe8 22. Rxe4 Rxe4+ 23. Kxf2 Nxd5 24. Rg1 Rf8+ 0-1

[Event "*** SCC Grand Prix: Titled Tuesday Blitz"]
[Site "Chess.com"]
[Date "2020.10.13"]
[Round "3"]
[White "catzapto"]
[Black "SARGISMV"]
[Result "0-1"]
[WhiteElo "2159"]
[BlackElo "2499"]
[TimeControl "180+1"]
[EndTime "10:27:24 PDT"]
[Termination "SARGISMV won by checkmate"]

1. e4 e6 2. d4 d5 3. Nd2 Nc6 4. Ngf3 Nf6 5. e5 Nd7 6. c3 f6 7. exf6 Qxf6 8. Bd3 Bd6 9. Nf1 e5 10. Bg5 Qf7 11. dxe5 Ndxe5 12. Nxe5 Nxe5 13. Bc2 O-O 14. f4 Bg4 15. Qb1 Ng6 16. Ne3 Rae8 17. f5 Bxf5 18.
Bxf5 Qxf5 19. h4 Qf2+ 20. Kd1 Rxe3 21. Bxe3 Qxe3 22. Re1 Qf2 23. Qd3 Nf4 24. Qd2 Qxd2+ 25. Kxd2 Nxg2 26. Re2 Nxh4 27. Rae1 Nf3+ 28. Kc2 Nxe1+ 29.
Rxe1 h5 30. Kb3 h4 31. a4 h3 32. a5 h2 33. a6 bxa6 34. c4 dxc4+ 35. Kxc4 Rf4+ 36. Kd5 Rg4 37. Kc6 Rg1 38. Re8+ Kf7 39. Rd8 h1=Q+ 40. Kd7 Qh3+ 41. Kc6 Qf3+ 42. Kd7 Qf5+ 43.
Kc6 Qb5# 0-1

[Event "*** SCC Grand Prix: Titled Tuesday Blitz"]
[Site "Chess.com"]
[Date "2020.10.13"]
[Round "3"]
[White "BanjoKazooieN64"]
[Black "Msb2"]
[Result "0-1"]
[WhiteElo "2473"]
[BlackElo "2929"]
[TimeControl "180+1"]
[EndTime "10:27:27 PDT"]
[Termination "Msb2 won by resignation"]

1. e4 e6 2. d4 d5 3. Nc3 Nf6 4. e5 Nfd7 5. f4 c5 6. Nf3 Nc6 7. Be3 a6 8. Qd2 b5 9. dxc5 Bxc5 10. O-O-O O-O 11. Ne2 b4 12. Bxc5 Nxc5 13. Qe3 Qa5 14.
Kb1 Bd7 15. Ned4 Nxd4 16. Nxd4 Rfc8 17. g4 Ne4 18. Bd3 Qc5 19. f5 a5 20. f6 a4 21.
Bxe4 dxe4 22. Qg5 g6 23. Nf5 exf5 24. Rxd7 Qxc2+ 25. Ka1 a3 26. Rb1 b3 27. Qd2 axb2+ 28. Rxb2 Rxa2+ 29. Rxa2 b2+ 30. Rxb2 Ra8+ 0-1

[Event "*** SCC Grand Prix: Titled Tuesday Blitz"]
[Site "Chess.com"]
[Date "2020.10.13"]
[Round "3"]
[White "Ariadna_Atreides"]
[Black "TC2304"]
[Result "1-0"]
[WhiteElo "2030"]
[BlackElo "2260"]
[TimeControl "180+1"]
[EndTime "10:27:28 PDT"]
[Termination "Ariadna_Atreides won by resignation"]

1. d4 Nf6 2. Nf3 c5 3. e3 g6 4. Be2 Bg7 5. O-O O-O 6. a3 d6 7. b3 b6 8. Bb2 Bb7 9. c4 Re8 10. d5 e6 11. dxe6 Rxe6 12. Nbd2 d5 13. cxd5 Bxd5 14.
Qc2 Qe7 15. Bc4 Bxc4 16. Nxc4 Nc6 17. Ng5 h5 18. Nxe6 Qxe6 19. Rad1 Rc8 20. a4 h4 21.
h3 g5 22. Rd6 Qe7 23. Qf5 Re8 24. Bxf6 Bxf6 25. Qxf6 Qxf6 26. Rxf6 1-0

[Event "*** SCC Grand Prix: Titled Tuesday Blitz"]
[Site "Chess.com"]
[Date "2020.10.13"]
[Round "3"]
[White "Julianos82"]
[Black "kleopl"]
[Result "1-0"]
[WhiteElo "2304"]
[BlackElo "2467"]
[TimeControl "180+1"]
[EndTime "10:27:29 PDT"]
[Termination "Julianos82 won by resignation"]

1. d4 f5 2. g3 Nf6 3. Bg2 g6 4. Nh3 Bg7 5. Nf4 O-O 6. h4 d6 7. d5 Qe8 8. h5 c6 9. hxg6 hxg6 10. c4 Bd7 11. Nc3 Na6 12. Be3 e5 13. dxe6 Bxe6 14.
Nxe6 Qxe6 15. Qd2 Qxc4 16. Qxd6 Rad8 17. Qf4 Qxf4 18. Bxf4 Nb4 19. O-O Nfd5 20. Nxd5 Nxd5 21. Bg5 Rde8 22. e3 Nf6 23. Rfd1 Rd8 24. Kf1 Kf7 25. Ke2 Ke7 26. b3 Rxd1 27. Rxd1 Rd8 28. Rxd8 Kxd8 29.
e4 Ke7 30. e5 Ke6 31. Bxf6 Bxf6 32. exf6 Kxf6 33. f4 Ke6 34. Kd3 Kd6 35. Kd4 b5 36. b4 a6 37. a3 1-0

[Event "*** SCC Grand Prix: Titled Tuesday Blitz"]
[Site "Chess.com"]
[Date "2020.10.13"]
[Round "3"]
[White "AttilaTurzo"]
[Black "beto-betun"]
[Result "1/2-1/2"]
[WhiteElo "2388"]
[BlackElo "2179"]
[TimeControl "180+1"]
[EndTime "10:27:34 PDT"]
[Termination "Game drawn by repetition"]

1. d4 Nf6 2. Nf3 g6 3. Bg5 Bg7 4. c3 O-O 5. Nbd2 d6 6. e4 c5 7. dxc5 dxc5 8. Bc4 Bg4 9. h3 Bxf3 10. Qxf3 Nc6 11. O-O Qc7 12. Qe2 Rad8 13. Rfe1 e5 14. a4 b6 15. Bb5 h6 16. Bxf6 Bxf6 17. Bxc6 Qxc6 18. Nc4 Rd7 19. Qf3 Rfd8 20. Ne3 Rd3 21.
g3 Bg5 22. h4 Bxe3 23. Rxe3 Rd2 24. Kg2 Qd6 25. Re2 Rxe2 26. Qxe2 Qd2 27. Qb5 Qd3 28.
Qxd3 Rxd3 29. Kf1 Rd2 30. Rb1 Kf8 31. Ke1 Rc2 32. Kf1 Ke7 33. Kg2 Ke6 34. Kf3 f5 35.
exf5+ gxf5 36. Ke3 h5 37. Kf3 Rd2 38. Ke3 Rc2 39. Kf3 Rd2 40. Ke3 Rc2 1/2-1/2

[Event "*** SCC Grand Prix: Titled Tuesday Blitz"]
[Site "Chess.com"]
[Date "2020.10.13"]
[Round "3"]
[White "FMKonstantin_Twitch"]
[Black "TimofeevAr"]
[Result "0-1"]
[WhiteElo "2561"]
[BlackElo "2806"]
[TimeControl "180+1"]
[EndTime "10:27:36 PDT"]
[Termination "TimofeevAr won by resignation"]

1. e4 c5 2. Nf3 d6 3. d4 cxd4 4.
Nxd4 Nf6 5. Nc3 e6 6. Bg5 h6 7.
Bh4 a6 8. f4 Be7 9. Qf3 Nc6 10.
O-O-O Qc7 11. e5 Nxd4 12. Rxd4 dxe5 13. Rc4 Qa5 14. fxe5 Qxe5 15. Bg3 Qg5+ 16. Bf4 Qh5 17. Qg3 O-O 18. Be2 Qg6 19. Qxg6 fxg6 20. Rc7 Bd8 21.
Rc4 b5 22. Rd4 Bb7 23. Rg1 Bb6 24. Be3 Bxd4 25. Bxd4 Rad8 26. Bc5 Rf7 27. Bd3 g5 28. Bg6 Rfd7 29. a4 Nd5 30. Ne2 bxa4 31. g3 Ne7 32. Bd3 Nf5 33. Nc3 Nd4 34. Kb1 Bc6 35. Bxa6 Nf3 36. Rc1 Rb8 37. Bc4 Nd2+ 0-1

[Event "*** SCC Grand Prix: Titled Tuesday Blitz"]
[Site "Chess.com"]
[Date "2020.10.13"]
[Round "3"]
[White "blitzking1729"]
[Black "Kaua18"]
[Result "0-1"]
[WhiteElo "2538"]
[BlackElo "2350"]
[TimeControl "180+1"]
[EndTime "10:27:36 PDT"]
[Termination "Kaua18 won by resignation"]

1. e4 c5 2. Nf3 Nc6 3. Nc3 e5 4.
Bc4 Be7 5. d3 Nf6 6. O-O O-O 7. a3 d6 8. h3 Be6 9. Re1 Rb8 10. Bg5 Nd7 11. Bxe7 Nxe7 12. Nd2 Ng6 13. Nf1 a6 14. Ne3 b5 15. Bxe6 fxe6 16. Qg4 Qe7 17. Rf1 Rf4 18. Qg3 Rbf8 19. Ne2 Nf6 20. f3 Nh5 21. Qe1 R4f7 22. Ng3 Nhf4 23. Kh2 Qg5 24.
Rf2 Nh4 25. Qh1 d5 26. Re1 d4 27. Nef1 c4 28. dxc4 bxc4 29. Nd2 Rf6 30. Ngf1 c3 31.
bxc3 dxc3 32. g3 cxd2 33. Nxd2 Nh5 34. Nf1 Nxf3+ 0-1

[Event "*** SCC Grand Prix: Titled Tuesday Blitz"]
[Site "Chess.com"]
[Date "2020.10.13"]
[Round "3"]
[White "draksbg"]
[Black "MarceloPlaya"]
[Result "1-0"]
[WhiteElo "2524"]
[BlackElo "2271"]
[TimeControl "180+1"]
[EndTime "10:27:37 PDT"]
[Termination "draksbg won on time"]

1. e4 e6 2. d3 d5 3. Qe2 Nf6 4.
Nf3 Be7 5. g3 O-O 6. Bg2 c5 7.
c3 Nc6 8. O-O b6 9. Re1 Bb7 10.
e5 Nd7 11. h4 Re8 12. Bf4 f6 13. exf6 Bxf6 14. Nbd2 e5 15. Bg5 Qc7 16. c4 d4 17.
Ne4 Ne7 18. h5 Bxg5 19. Nfxg5 Nf6 20. Nxf6+ gxf6 21. Ne6 Qd7 22. Qg4+ Ng6 23. Bxb7 Qxb7 24. hxg6 Qd7 25. gxh7+ Kh8 26. Re4 Qxe6 27. Qh5 Qe7 28. Rg4 Rf8 29. Rg6 Rf7 30. Qf5 Rxh7 31. Rxf6 Rg8 32.
Kg2 Qb7+ 33. Qf3 Qd7 34. Rh1 Rxh1 35. Kxh1 Qh7+ 36. Kg2 1-0

[Event "*** SCC Grand Prix: Titled Tuesday Blitz"]
[Site "Chess.com"]
[Date "2020.10.13"]
[Round "3"]
[White "niki_2003"]
[Black "poppy73"]
[Result "1-0"]
[WhiteElo "1773"]
[BlackElo "2236"]
[TimeControl "180+1"]
[EndTime "10:27:39 PDT"]
[Termination "niki_2003 won on time"]

1. d4 Nf6 2. c4 g6 3. Nc3 Bg7 4.
e4 d6 5. Nf3 O-O 6. Be2 e5 7.
O-O Nc6 8. d5 Ne7 9. b4 Nh5 10.
Re1 Nf4 11. Bxf4 exf4 12. Rc1 a5 13. a3 f5 14. Bf1 fxe4 15. Nxe4 h6 16. c5 dxc5 17.
Bc4 Kh7 18. bxc5 Nf5 19. c6 bxc6 20. dxc6 Ba6 21. Qxd8 Rfxd8 22. Be6 Ne7 23. Bd7 Nd5 24. Nc5 Bb5 25. Ne6 Rg8 26. Rc5 Nc3 27. Nxc7 1-0

[Event "*** SCC Grand Prix: Titled Tuesday Blitz"]
[Site "Chess.com"]
[Date "2020.10.13"]
[Round "3"]
[White "hungrycaterpillar4"]
[Black "Oligan22"]
[Result "1-0"]
[WhiteElo "2690"]
[BlackElo "2436"]
[TimeControl "180+1"]
[EndTime "10:27:41 PDT"]
[Termination "hungrycaterpillar4 won by resignation"]

1. Nc3 d5 2. d4 c5 3. Bf4 Nc6 4. e3 a6 5. Nf3 cxd4 6. exd4 Bg4 7. Be2 e6 8. O-O Bd6 9. Ne5 Bxe2 10. Nxe2 Nge7 11. c3 O-O 12. Ng3 f6 13. Nd3 Bxf4 14.
Nxf4 e5 15. dxe5 Qd7 16. e6 Qd6 17. Qg4 Ne5 18. Nf5 Nxf5 19. Qxf5 g6 20. Qh3 Nc4 21. Nd3 Rae8 22. Rfe1 f5 23. b3 Na3 24. Rad1 Rxe6 25. Rxe6 Qxe6 26. Nf4 Qe5 27. Nxd5 Rd8 28. c4 b5 29. Qg3 Qe2 30. Nf6+ Kf7 31. Qc7+ Kxf6 32. Qxd8+ Kg7 33. c5 Nc2 34. Rd7+ 1-0

[Event "*** SCC Grand Prix: Titled Tuesday Blitz"]
[Site "Chess.com"]
[Date "2020.10.13"]
[Round "3"]
[White "ManuDavid2910"]
[Black "eljanov"]
[Result "1-0"]
[WhiteElo "2661"]
[BlackElo "2852"]
[TimeControl "180+1"]
[EndTime "10:27:42 PDT"]
[Termination "ManuDavid2910 won by resignation"]

1. e4 e5 2. Nf3 Nc6 3. Bc4 Bc5 4. O-O Nf6 5. d4 Bxd4 6. Nxd4 Nxd4 7. f4 d6 8. fxe5 dxe5 9. Bg5 Qe7 10. Na3 h6 11.
Bxf6 gxf6 12. Kh1 Rg8 13. c3 Ne6 14. Nc2 Nf4 15. g3 Be6 16. Ne3 Qc5 17. Bxe6 Nxe6 18.
Nd5 O-O-O 19. Qf3 Rg6 20. b4 Qf8 21. Nxf6 b6 22. a4 Ng5 23. Qf5+ Kb7 24. a5 Rd2 25. Nd7 Qd6 26. a6+ Ka8 27. Nxe5 Rg8 28. Nc4 Qd3 29.
Nxd2 1-0

[Event "*** SCC Grand Prix: Titled Tuesday Blitz"]
[Site "Chess.com"]
[Date "2020.10.13"]
[Round "3"]
[White "LubovMarkelova"]
[Black "Oglob71"]
[Result "1/2-1/2"]
[WhiteElo "2236"]
[BlackElo "2501"]
[TimeControl "180+1"]
[EndTime "10:27:42 PDT"]
[Termination "Game drawn - insufficient material"]

1. Nf3 c5 2. c4 Nf6 3. Nc3 e6 4. e3 d5 5. d4 a6 6. cxd5 Nxd5 7. e4 Nxc3 8. bxc3 cxd4 9. cxd4 Bb4+ 10. Bd2 Qa5 11.
Bxb4 Qxb4+ 12. Qd2 Qxd2+ 13. Nxd2 Nc6 14. Nf3 Na5 15.
Bd3 b5 16. O-O Bd7 17. Ne5 f6 18. Nxd7 Kxd7 19. d5 exd5 20. exd5 Kd6 21. Rfe1 Rhe8 22. Bxh7 Nc4 23. Bg6 Rxe1+ 24. Rxe1 Rd8 25. h4 Ne5 26. Be4 Rc8 27. f3 Rc4 28. Kf2 b4 29. g4 a5 30. h5 a4 31. Re3 Rc8 32. Kg3 Rb8 33. f4 Nc4 34. Re1 b3 35. Bd3 Nb2 36. Bb1 Kxd5 37. axb3 Rxb3+ 38. Kh4 Kd6 39. g5 Rb4 40. Re4 fxg5+ 41. fxg5 Rxe4+ 42. Bxe4 Ke7 43. h6 gxh6 44. gxh6 Kf6 45. Kh5 a3 46. Bd5 Nd3 47. Ba2 Nf4+ 48. Kg4 Nd3 49. Kf3 Nb4 50. Bb3 a2 51. Bxa2 Nxa2 52. Kg4 Kg6 53. h7 Kxh7 1/2-1/2

[Event "*** SCC Grand Prix: Titled Tuesday Blitz"]
[Site "Chess.com"]
[Date "2020.10.13"]
[Round "3"]
[White "fabianvivasz"]
[Black "Savagelittlemole"]
[Result "0-1"]
[WhiteElo "2365"]
[BlackElo "2568"]
[TimeControl "180+1"]
[EndTime "10:27:48 PDT"]
[Termination "Savagelittlemole won on time"]

1. e4 c5 2. Nf3 d6 3. d4 cxd4 4. Nxd4 Nf6 5. Nc3 a6 6. f3 e5 7. Nb3 Be7 8. Be3 Be6 9. Qd2 O-O 10. O-O-O Nbd7 11. g4 b5 12. g5 b4 13. Na4 Ne8 14.
Qxb4 Bxg5 15. Bxg5 Qxg5+ 16. Kb1 Rb8 17. Qa5 Bxb3 18. axb3 Ndf6 19. Bxa6 Nh5 20. h4 Qe7 21. Bc4 Nf4 22. Nc3 Nc7 23. Nd5 Ncxd5 24. Bxd5 Rfc8 25. b4 Nxd5 26. Qxd5 Ra8 27. Qxd6 Qa7 28. c3 Qa2+ 29. Kc2 Qa4+ 30. Kc1 Qb3 0-1

[Event "*** SCC Grand Prix: Titled Tuesday Blitz"]
[Site "Chess.com"]
[Date "2020.10.13"]
[Round "3"]
[White "pastouche06"]
[Black "HrvojeZagreb"]
[Result "0-1"]
[WhiteElo "2480"]
[BlackElo "2165"]
[TimeControl "180+1"]
[EndTime "10:27:48 PDT"]
[Termination "HrvojeZagreb won by resignation"]

1. d4 e6 2. c4 f5 3. Nc3 Nf6 4. Nf3 Bb4 5. Qb3 Bxc3+ 6. Qxc3 d6 7. g3 O-O 8. Bg2 a5 9. O-O Nc6 10. Rd1 Qe8 11. d5 Ne4 12. Qc2 Nb4 13. Qb1 e5 14. Nd2 Nxd2 15. Bxd2 Qh5 16. a3 Na6 17. Bf3 Qh3 18.
b4 f4 19. Be4 Bf5 20. Bxf5 Rxf5 21. Qe4 fxg3 22. fxg3 Raf8 23. Be3 axb4 24. axb4 Nxb4 25. Rac1 Na2 26. Qg2 Qxg2+ 27. Kxg2 Nxc1 28. Rxc1 Ra8 29. c5 Ra3 30. cxd6 cxd6 31. Rc8+ Rf8 0-1

[Event "*** SCC Grand Prix: Titled Tuesday Blitz"]
[Site "Chess.com"]
[Date "2020.10.13"]
[Round "3"]
[White "Zq1"]
[Black "barriochess"]
[Result "1/2-1/2"]
[WhiteElo "2509"]
[BlackElo "2267"]
[TimeControl "180+1"]
[EndTime "10:27:53 PDT"]
[Termination "Game drawn by agreement"]

1. d4 d5 2. c4 e6 3. Nc3 c5 4. cxd5 exd5 5. Nf3 Nc6 6. g3 Nf6 7. Bg2 Be7 8. O-O O-O 9. b3 Ne4 10. Bb2 Bf6 11. Na4 b6 12. Rc1 Ba6 13. Re1 Re8 14.
dxc5 Bxb2 15. Nxb2 Nxc5 16. e3 Nb4 17. Bf1 Bxf1 18.
Rxf1 Nxa2 19. Ra1 Nc3 20. Qc2 N3e4 21. Nd4 a5 22. Qe2 Rc8 23. Rfc1 Qf6 24. Na4 g6 25.
Nxc5 bxc5 26. Nb5 Qb6 27. Nc3 Qxb3 28. Nxe4 Rxe4 29. Rxa5 Qb6 30. Qb5 Qxb5 31. Rxb5 d4 32. exd4 Rxd4 33. Rbxc5 Rxc5 34. Rxc5 h5 35. h4 Kg7 1/2-1/2